 Dungeon Crawl Stone Soup version 0.28.0-53-g5a82cb258f (webtiles) character file.

Game seed: 16484969002380515281

65 Ashen the Chiller (level 3, 26/26 HPs)
             Began as a Demonspawn Ice Elementalist on July 13, 2022.
             Got out of the dungeon alive.
             The game lasted 00:03:25 (2333 turns).

Ashen the Chiller (Demonspawn Ice Elementalist)     Turns: 2333, Time: 00:03:26

Health: 26/26      AC:  4    Str:  8    XL:     3   Next: 94%
Magic:  6/6        EV: 12    Int: 18    God:
Gold:   55         SH:  0    Dex: 13    Spells: 5/6 levels left

rFire   . . .      SeeInvis .   h - +2 short sword (venom)
rCold   . . .      Faith    .   (no shield)
rNeg    . . .      Spirit   .   a - +0 robe
rPois   .          Reflect  .   (no helmet)
rElec   .          Harm     .   (no cloak)
rCorr   .          Rampage  .   (no gloves)
Will    .....                   (no boots)
Stlth   ++........              (no amulet)
HPRegen 0.08/turn               (no ring)
MPRegen 0.20/turn               (no ring)

@: no status effects
A: yellow scales 1, magic regeneration
a: no special abilities


You escaped.
You visited 1 branch of the dungeon, and saw 2 of its levels.

You collected 55 gold pieces.

Inventory:

Hand Weapons
 g - a +0 rapier
 h - a +2 short sword of venom (weapon)
 i - a +0 whip of electrocution
Armour
 a - a +0 robe (worn)
Jewellery
 j - a ring of fire
Scrolls
 b - a scroll of immolation {unknown}
 d - a scroll of fear {unknown}
 f - a scroll of identify {unknown}
Potions
 c - a potion of curing {unknown}
 e - a potion of brilliance {unknown}


   Skills:
 + Level 1.3 Fighting
 + Level 2.3 Dodging
 + Level 2.4 Stealth
 + Level 2.4 Spellcasting
 + Level 3.9 Ice Magic


You had 5 spell levels left.
You knew the following spells:

 Your Spells              Type           Power      Damage    Failure   Level
a - Freeze                Ice            64%        1d8       3%          1

Your spell library contained the following spells:

 Spells                   Type           Power      Damage    Failure   Level
 Frozen Ramparts          Ice            32%        1d5       10%         3
 Ozocubu's Armour         Ice            16%        N/A       10%         3
 Hailstorm                Conj/Ice       9%         3d4       58%         4
 Fireball                 Conj/Fire      1%         3d3       99%         5
 Iskenderun's Battlesphe  Conj           2%         2d6       99%         5
 Conjure Ball Lightning   Conj/Air       1%         3x3d6     100%        6
 Orb of Destruction       Conj           1%         9d5       100%        7


Dungeon Overview and Level Annotations

Branches:
Dungeon (2/15)

Altars:

Shops:
D:2 [


Innate Abilities, Weirdness & Mutations

You are partially covered in yellow scales. (AC +2)
You regenerate magic rapidly.


Message History

You barely miss the adder. Your punch misses the adder.
The adder bites you but does no damage. x2
Casting: Freeze (safe; 3% risk of failure)
Confirm with . or Enter, or press ? or * to list all spells.
Aiming: Freeze (safe; 3% risk of failure)
Press: ? - help, Shift-Dir - straight line, f - adder
Aim: an adder You miscast Freeze.
You are very lightly contaminated with residual magic.
Nothing appears to happen.
The adder closely misses you.
Casting: Freeze (safe; 3% risk of failure)
Confirm with . or Enter, or press ? or * to list all spells.
Aiming: Freeze (safe; 3% risk of failure)
Press: ? - help, Shift-Dir - straight line, f/p - adder
Aim: an adder You freeze the adder!
The adder is severely wounded.
The adder bites you but does no damage. The adder closely misses you.
Casting: Freeze (safe; 3% risk of failure)
Confirm with . or Enter, or press ? or * to list all spells.
Aiming: Freeze (safe; 3% risk of failure)
Press: ? - help, Shift-Dir - straight line, f/p - adder
Aim: an adder (heavily wounded)
You freeze the adder.
The adder is severely wounded.
The adder seems to slow down.
Casting: Freeze (safe; 3% risk of failure)
Confirm with . or Enter, or press ? or * to list all spells.
Aiming: Freeze (safe; 3% risk of failure)
Press: ? - help, Shift-Dir - straight line, f/p - adder
Aim: an adder (severely wounded, slow)
You freeze the adder.
You kill the adder!
Your magical contamination has completely faded away.
There is a stone staircase leading up here.
You climb upwards.
There is a stone staircase leading down here.
There is a staircase leading out of the dungeon here.
Are you sure you want to leave the Dungeon?
This will make you lose the game!
You have escaped!

##.#####.......#####.#####.......
##.####..##.#...## #.#####.###.##
....##...#..##...###.............
.####..#.#..###...##.#####.....##
.###..##..#.# ##..##............#
.##..###.##.# ##..#..#####...#.#
##..## #..#.####...#......)...#.#
...## #......#....#..#..##......
..## #.####.#.@.##..#########..
...## #......#....#.............
##..## #.##.####...#.#########.#.
##..###.##.# ##..#.# #.#.
##..##....# ##...#.# #.#.
##..#.#..###...##.# ###.## ##
##...#..##...##..# #..... .###
##..##.#...##..## #.#.## ...##
##.......##..## #.#...


There were no monsters in sight!

Vanquished Creatures
  3 adders (D:2)
  A dart slug (D:2)
  2 ball pythons (D:1)
  7 endoplasms
  3 hobgoblins (D:2)
  6 bats
  A frilled lizard (D:1)
  5 goblins
  3 kobolds
  4 rats
35 creatures vanquished.

Notes
Turn   | Place    | Note
-------+----------+-------------------------------------------
     0 | D:1      | Ashen the Demonspawn Ice Elementalist began the quest for
                  | the Orb.
     0 | D:1      | Reached XP level 1. HP: 13/13 MP: 3/3
   507 | D:1      | Gained mutation: You are partially covered in yellow
                  | scales. (AC +2) [demonic ancestry]
   507 | D:1      | Reached XP level 2. HP: 11/20 MP: 0/5
  1388 | D:2      | Reached skill level 1 in Fighting
  1388 | D:2      | Gained mutation: You regenerate magic rapidly. [demonic
                  | ancestry]
  1388 | D:2      | Reached XP level 3. HP: 21/26 MP: 6/6
  1664 | D:2      | Found a faded altar of an unknown god.
  1712 | D:2      | Found Hokutz's Armour Boutique.
  2333 | D:$      | Got out of the dungeon alive.

Illustrated notes

Levels and vault maps discovered:
D:1:      dpeg_chamrin_arrival_tetris, layout_basic
D:2:      layout_basic, hellmonk_ecumenical_altar_inner_sanctum, serial_shops,
          nicolae_shop_statue_plus

Skill      XL: |  1  2 |
---------------+-------+-----
Stealth        | 2 |  2.4
Dodging        | 2 |  2.3
Fighting       | 1 |  1.3
Spellcasting   | |  2.4
Ice Magic      | |  3.9

Action                   || total
-------------------------++-------
Melee: Unarmed           ||    15
       Rapier            ||    18
       Short sword       ||    21
 Cast: Freeze            ||    26
 Stab: Sleeping          ||     6
Armor: Robe              ||    24
Dodge: Dodged            ||    49
